AoeStats
← Youtellme

Black Forest

508186481Analyzed
2v2 RM · 12d ago on Sep 21, 2026· 66m 43s· 4 players
Game mode
Random Map
Map size
Medium (4 player)
Population
200
Speed
Normal
Resources
Standard
Victory
Conquest
Starting age
Dark Age
Ending age
Imperial Age
RankedLock teamsTeams togetherTeam positionsShared explorationLock speedFull tech treeHidden civsTurbo modeCheats
Victory
Defeat
🇦🇺 Khmer · Australia
855
+18
🇦🇺 Goths · Australia
833
+19
🇧🇦 Italians · Bosnia & Herzegovina
908
-19
🇳🇿 Japanese · New Zealand
886
-18
petrdolce940
0:33 Loom
12:32 Feudal Age
13:05 Double-Bit Axe
15:01 Horse Collar
20:18 Castle Age
18:19 Man-at-Arms
20:23 Long Swordsman
20:54 Gambesons
21:04 Fletching
21:50 Bow Saw
23:29 Wheelbarrow
25:00 Stone Mining
26:44 Hand Cart
28:01 Town Watch
28:48 Heavy Plow
30:34 Gold Mining
33:33 Forging
33:24 Scale Mail Armor
37:20 Imperial Age
37:01 Iron Casting
36:42 Chain Mail Armor
37:25 Heavy Scorpion
39:30 Two-Man Saw
39:13 Fortified Wall
39:27 Two-Handed Swordsman
41:10 Blast Furnace
40:41 Plate Mail Armor
40:38 Champion
42:32 Ballistics
44:10 Capped Ram
48:53 Chemistry
49:11 Kataparuto
64:01 Arson
Koksal Jr.
0:44 Loom
11:02 Feudal Age
11:32 Horse Collar
11:39 Double-Bit Axe
17:49 Castle Age
17:06 Stone Mining
17:32 Town Watch
17:41 Fletching
18:57 Bow Saw
19:17 Heavy Plow
23:13 Wheelbarrow
24:07 Bodkin Arrow
25:29 Padded Archer Armor
26:46 Thumb Ring
28:26 Ballistics
32:28 Imperial Age
31:09 Hand Cart
33:14 Silk Road
32:58 Caravan
34:14 Chemistry
33:41 Bracer
34:20 Pirotechnia
35:57 Leather Archer Armor
36:49 Scale Mail Armor
37:12 Squires
37:30 Fortified Wall
37:12 Man-at-Arms
38:06 Forging
38:06 Long Swordsman
38:50 Two-Handed Swordsman
42:58 Champion
45:18 Ring Archer Armor
45:04 Chain Mail Armor
47:07 Iron Casting
48:51 Murder Holes
52:41 Elite Genoese Crossbowman
55:53 Bombard Tower
62:23 Pikeman
Fart-Lick
0:37 Loom
11:42 Feudal Age
17:15 Castle Age
15:16 Double-Bit Axe
15:13 Horse Collar
20:23 Gold Mining
22:33 Wheelbarrow
22:42 Heavy Plow
24:28 Stone Mining
24:53 Caravan
27:41 Coinage
29:27 Anarchy
29:52 Hand Cart
31:16 Forging
31:07 Scale Mail Armor
32:42 Stone Shaft Mining
32:56 Iron Casting
35:42 Imperial Age
33:14 Pikeman
33:55 Squires
34:13 Chain Mail Armor
34:28 Murder Holes
35:17 Fletching
35:33 Scale Barding Armor
35:42 Town Watch
37:30 Chemistry
35:55 Elite Huskarl
37:48 Banking
37:30 Guilds
38:15 Bow Saw
38:01 Halberdier
39:07 Town Patrol
41:48 Perfusion
45:12 Blast Furnace
44:39 Ballistics
44:30 Masonry
44:49 Heavy Scorpion
47:46 Two-Man Saw
Youtellme
0:44 Loom
13:12 Feudal Age
16:59 Castle Age
17:24 Double-Bit Axe
19:51 Horse Collar
26:09 Gold Mining
36:18 Wheelbarrow
35:55 Bow Saw
35:49 Heavy Plow
40:57 Imperial Age
38:45 Hand Cart
39:44 Ballistics
39:26 Murder Holes
39:41 Masonry
44:34 Chemistry
44:19 Double Crossbow
45:27 Stone Mining
46:53 Hoardings
48:24 Light Cavalry
49:25 Heavy Scorpion
52:50 Siege Engineers
53:17 Architecture
52:59 Fortified Wall
58:57 Scale Barding Armor
59:03 Forging
59:24 Bloodlines
59:15 Husbandry
64:07 Hussar
Connection lost

Rejoining the realm…

Still unreachable

The connection could not be restored.

Session expired

The server has moved on; the page needs a fresh start.